 Dungeon Crawl Stone Soup version 0.29.1 (webtiles) character file.

Game seed: 3612549274221830262

88 mtoz the Covered (level 4, -1/29 HPs)
             Began as a Gargoyle Fighter on Sept 13, 2022.
             Slain by an orc wizard
             ... wielding a +0 dagger
              (3 damage)
             ... on level 3 of the Dungeon.
             The game lasted 00:03:49 (1934 turns).

mtoz the Covered (Gargoyle Fighter)                 Turns: 1934, Time: 00:03:49

Health: -1/29      AC: 13    Str: 22    XL:     4   Next: 53%
Magic:  4/4        EV: 11    Int:  8    God:
Gold:   68         SH:  0    Dex:  9    Spells: 3/3 levels left

rFire   . . .      SeeInvis .   a - +0 war axe
rCold   . . .      Faith    .   c - +0 buckler
rNeg    + . .      Spirit   .   p - +0 chain mail
rPois   ∞          Reflect  .   (no helmet)
rElec   +          Harm     .   (no cloak)
rCorr   .          Rampage  .   (no gloves)
Will    .....                   (no boots)
Stlth   ..........              (no amulet)
HPRegen 0.09/turn               f - +4 ring of evasion
MPRegen 0.09/turn               (no ring)

@: confused
A: sickness immunity, AC +3, negative energy resistance 1, electricity
resistance, torment resistance 1, petrification resistance
a: no special abilities


You were on level 3 of the Dungeon.
You visited 1 branch of the dungeon, and saw 3 of its levels.

You collected 68 gold pieces.

Inventory:

Hand Weapons
 a - a +0 war axe (weapon)
 r - a +0 mace
Armour
 c - a +0 buckler (worn)
 p - a +0 chain mail (worn)
Jewellery
 f - a +4 ring of evasion (left hand)
Scrolls
 g - a scroll of enchant armour
 j - 2 scrolls of butterflies
 l - a scroll of amnesia
 q - a scroll of enchant weapon {unknown}
 s - a scroll of teleportation {unknown}
 t - a scroll of fear {unknown}
Potions
 d - a potion of might
 e - 5 potions of curing {unknown}
 h - a potion of attraction {unknown}
 i - a potion of heal wounds {unknown}
 n - a potion of magic {unknown}
 o - a potion of mutation {unknown}
 u - a potion of brilliance {unknown}


   Skills:
 + Level 4.0 Fighting
 + Level 2.5 Axes
 + Level 4.0 Armour
 + Level 4.0 Shields


You had 3 spell levels left.
You didn't know any spells.
Your spell library was empty.

Dungeon Overview and Level Annotations

Branches:
Dungeon (3/15)

Altars:


Innate Abilities, Weirdness & Mutations

You are immune to sickness and miasma.
Your stone body is resilient. (AC +3)
You are immune to poison.
You resist negative energy. (rN+)
You are resistant to electric shocks. (rElec)
You are resistant to unholy torment.
You are immune to petrification.


Message History

You miss something. You completely miss something.
Something hits you but does no damage.
You hear some strange, mumbled words.
You are more confused.
Something hits you. Something hits you but does no damage.
You miss something. You completely miss something.
Something hits you but does no damage.
You hear some strange, mumbled words.
You are more confused.
You completely miss something. x2
You hear some strange, mumbled words.
A magic dart appears from out of thin air!
The magic dart hits you! Something hits you but does no damage.
Something completely misses you. Something hits you but does no damage.
You bump into the rock wall.
You hear some strange, mumbled words.
A puff of flame appears from out of thin air!
The puff of flame hits you!
* * * LOW HITPOINT WARNING * * *
You miss something. Something hits you but does no damage.
You bump into the rock wall.
Something hits you but does no damage.
You bump into the rock wall.
Something hits you.
* * * LOW HITPOINT WARNING * * *
You bump into the rock wall.
Something hits you but does no damage.
You bump into the rock wall.
You hear some strange, mumbled words.
A magic dart appears from out of thin air!
The magic dart hits you but does no damage.
You closely miss something.
An orc wizard appears from thin air!
Reactivating autopickup.
You hear some strange, mumbled words.
Deactivating autopickup; reactivate with Ctrl-A.
Something tries to affect you, but you resist.
The orc wizard gestures wildly while chanting.
The orc wizard flickers and vanishes!
You're too confused to move!
Something hits you but does no damage.
You miss something. Something hits you.
* * * LOW HITPOINT WARNING * * *
Something hits you.
You die...

.#.###..##
.#.##....#
#....
##.##....####
...
#.##.......#
.......#
#...)..###.##
.......
####...# #..#
#.#.#.####
#...# ##.#
#.#.......
#.###
#.###.#.......
#.#
#...#@#.......
..#
###.#{#)......
### #..{oo!.#
#...####.#
#.#.# ...#.#
#...##.# ..#..
..# . ### ..#


You could see an orc.

Vanquished Creatures
  An orc priest (D:3)
  2 adders
  A worm (D:3)
  2 dart slugs
  2 orcs (D:3)
  7 bats
  2 endoplasms
  3 giant cockroaches
  2 goblins
  3 hobgoblins (D:1)
  2 ball pythons
  A frilled lizard (D:1)
  3 kobolds
  2 rats (D:2)
33 creatures vanquished.

Notes
Turn   | Place    | Note
-------+----------+-------------------------------------------
     0 | D:1      | mtoz the Gargoyle Fighter began the quest for the Orb.
     0 | D:1      | Reached XP level 1. HP: 14/14 MP: 1/1
   460 | D:1      | Reached XP level 2. HP: 19/19 MP: 2/2
   655 | D:1      | Found a faded altar of an unknown god.
  1118 | D:2      | Reached XP level 3. HP: 24/24 MP: 3/3
  1888 | D:3      | Reached XP level 4. HP: 29/29 MP: 4/4
  1934 | D:3      | Slain by an orc wizard

Illustrated notes

Levels and vault maps discovered:
D:1:      wander_arrival_estate, layout_basic,
          chequers_ecumenical_altar_simple_redux
D:2:      layout_loops_ring
D:3:      layout_basic, nicolae_wu_jian_glorious_leap, portal_sewer_entry_e,
          nicolae_titane, uniq_terence

Skill      XL: |  1  2  3  4 |
---------------+-------------+-----
Axes           | 2 |  2.5
Fighting       | 4 |  4.0
Armour         | 4 |  4.0
Shields        | 4 |  4.0

Action                   |  1- 3 |  4- 6 || total
-------------------------+-------+-------++-------
Melee: War axe           |    97 |    16 ||   113
  Use: Scroll            |     3 |       ||     3
Armor: Scale mail        |    17 |       ||    17
       Chain mail        |    26 |    23 ||    49
Dodge: Dodged            |    56 |     5 ||    61
Block: Buckler           |    25 |     3 ||    28
